 Dungeon Crawl Stone Soup version 0.22.1-2-g9c5b331 (webtiles) character file.

130 Fang the Chopper (level 5, -5/33 HPs)
             Began as a Gargoyle Berserker on Dec 14, 2018.
             Was a Believer of Trog.
             Slain by a gnoll
             ... wielding a +0 spear
              (7 damage)
             ... on level 2 of the Dungeon on Dec 17, 2018.
             The game lasted 00:03:36 (1473 turns).

Fang the Chopper (Gargoyle Berserker)               Turns: 1473, Time: 00:03:37

Health: -5/33      AC: 12    Str: 21    XL:     5   Next: 13%
Magic:  5/5        EV: 11    Int:  8    God:    Trog [**....]
Gold:   51         SH:  0    Dex:  9    Spells: 4/4 levels left

rFire    . . .     SeeInvis .   k - +0 war axe
rCold    . . .     Gourm    .   (no shield)
rNeg     + . .     Faith    .   m - +0 ring mail
rPois    ∞         Spirit   .   d - +2 helmet
rElec    +         Reflect  .   (no cloak)
rCorr    .         Harm     .   (no gloves)
MR       .....                  (no boots)
Stlth    +.........             (no amulet)
HPRegen  0.11/turn              (no ring)
MPRegen  0.09/turn              (no ring)

@: berserk cooldown, slowed, very slow
A: negative energy resistance 1, electricity resistance, unbreathing,
petrification resistance, rot immunity, AC +4
a: Berserk, Trog's Hand, Renounce Religion


You were on level 2 of the Dungeon.
You worshipped Trog.
Trog was pleased with you.
You were near starving.

You visited 1 branch of the dungeon, and saw 2 of its levels.

You collected 51 gold pieces.

Inventory:

Hand Weapons
 k - a +0 war axe (weapon)
Armour
 d - a +2 helmet (worn)
 m - a +0 ring mail (worn)
Scrolls
 a - a scroll of fear {unknown}
 f - a scroll of amnesia {unknown}
 g - 2 scrolls of remove curse {unknown}
 i - a scroll of identify {unknown}
 l - a scroll of teleportation {unknown}
Potions
 e - 3 potions of magic {unknown}
 h - 2 potions of curing {unknown}
 j - a potion of heal wounds {unknown}
Comestibles
 c - 2 rations


   Skills:
 + Level 4.0 Fighting
 + Level 4.2 Axes
 + Level 2.5 Armour
 + Level 1.9 Dodging
 + Level 1.2 Stealth


You had 4 spell levels left.
You didn't know any spells.
Your spell library was empty.

Dungeon Overview and Level Annotations

Branches:
Dungeon (2/15)

Altars:


Innate Abilities, Weirdness & Mutations

You are resistant to torment.
Your stone body is resilient. (AC +4)
You are immune to poison.
You resist negative energy. (rN+)
You are resistant to electric shocks. (rElec)
You can survive without breathing.
You are immune to petrification.
You are immune to rotting.


Message History

You closely miss the gnoll.
The gnoll is severely wounded.
The gnoll hits you but does no damage. The gnoll hits you with a spear.
* * * LOW HITPOINT WARNING * * *
You hit the gnoll but do no damage.
The gnoll is severely wounded.
The gnoll hits you with a spear.
* * * LOW HITPOINT WARNING * * *
The gnoll hits you but does no damage.
Okay, then.
You closely miss the gnoll.
The gnoll is severely wounded.
The gnoll hits you but does no damage. The gnoll barely misses you.
You barely miss the gnoll.
The gnoll is severely wounded.
The gnoll barely misses you. The gnoll closely misses you.
You closely miss the gnoll.
The gnoll is severely wounded.
The gnoll hits you with a spear!
You die...

##.########.8#
## #.#
######## #(#
##....... #.#
#≈≈≈≈≈≈≈≈
######.#####
#≈≈≈≈≈≈≈≈
#....).....#
##.......
#..........#
########'
#..........#
#........
#...g@.....#
#........
#..........#
#########
#..........#
#..........#
#..........#
#..........#
############


You could see a gnoll.

Vanquished Creatures
  4 adders (D:2)
  4 gnolls (D:2)
  An ooze (D:2)
  A worm (D:2)
  A leopard gecko (D:2)
  3 ball pythons (D:2)
  7 bats
  3 giant cockroaches (D:2)
  5 goblins (D:2)
  6 hobgoblins
  A jackal (D:2)
  5 kobolds
  2 frilled lizards (D:1)
  4 rats
47 creatures vanquished.

Notes
Turn   | Place    | Note
-------+----------+-------------------------------------------
     0 | D:1      | Fang the Gargoyle Berserker began the quest for the Orb.
     0 | D:1      | Reached XP level 1. HP: 14/14 MP: 1/1
   166 | D:1      | Reached XP level 2. HP: 19/19 MP: 2/2
   371 | D:2      | Reached XP level 3. HP: 18/23 MP: 3/3
   818 | D:2      | Reached ** piety under Trog
   818 | D:2      | Reached XP level 4. HP: 28/29 MP: 4/4
  1327 | D:2      | Reached skill level 1 in Stealth
  1461 | D:2      | Reached XP level 5. HP: 11/33 MP: 5/5
  1470 | D:2      | HP: 1/33 [gnoll/spear (2)]
  1473 | D:2      | Slain by a gnoll

Skill      XL: |  1  2  3  4  5 |
---------------+----------------+-----
Axes           | 3 4 |  4.2
Stealth        | 1 |  1.2
Fighting       | 4 |  4.0
Armour         | |  2.5
Dodging        | |  1.9

Action                   |  1- 3 |  4- 6 || total
-------------------------+-------+-------++-------
Melee: Hand axe          |    72 |       ||    72
       War axe           |    16 |    66 ||    82
Invok: Berserk           |     1 |     2 ||     3
 Stab: Sleeping          |     1 |     1 ||     2
  Eat: Chunk             |     1 |     2 ||     3
Armor: Animal skin       |    56 |    15 ||    71
       Ring mail         |       |    15 ||    15
Dodge: Dodged            |    79 |    75 ||   154
